[Event "Budapest One Week GM-B 03-2025"]
[Site "Budapest"]
[Date "2025.03.17"]
[Round "1.2"]
[White "Nemeth, Zalan"]
[Black "Moldagali, Beksultan"]
[Result "1/2-1/2"]
[Annotator "TA"]
[ECO "E11"]
[WhiteElo "2341"]
[BlackElo "2398"]
[PlyCount "94"]
[EventDate "2025.03.17"]
[EventType "tourn"]
[EventCountry "HUN"]
[SourceTitle "playchess.com"]
[Source "ChessBase"]
[SourceQuality "1"]
[TimeControl "5400+30"]

1. d4 Nf6 2. c4 e6 3. Nf3 Bb4+ 4. Nbd2 b6 5. a3 Bxd2+ 6. Bxd2 Bb7 7. e3 {[%emt 0:01:20] E11: Bogo-Indian.} d6 8. Qc2 Ne4 9. Bd3 {[%emt 0:00:22] White has an edge.} f5 10. Rc1 (10. d5 $14) 10... O-O 11. O-O Nd7 12. d5 Ndc5 13. Be2 $146 (13. b4 Nxd3 14. Qxd3 Qe7 15. Bc3 e5 16. Bb2 c6 17. dxc6 Bxc6 18. Nd2 Nxd2 19. Qxd2 {0-1 Manakova,M (2315)-Kovanova,B (2392) EU-ch (Women) 13th 2012 (6)}) 13... exd5 14. b4 {[%emt 0:14:34] White sacrificed a pawn} Ne6 15. Rfd1 Kh8 (15... dxc4 $5 16. Bxc4 d5 $11) 16. Be1 dxc4 17. Bxc4 N4g5 18. Nxg5 Qxg5 {[%emt 0:05:47][%csl Gb7][%cal Rg5g2] [#]} 19. f4 Qg6 20. Qf2 Rac8 21. Qg3 {[%emt 0:07:27] Qxg6 is the strong threat.} Rfe8 (21... Qf7 {seems wilder.} 22. Bc3 Rfe8 23. h3 Be4) 22. Qxg6 hxg6 23. Kf2 Kg8 24. Bc3 Kf7 25. Bb2 Re7 26. Bb3 Rh8 27. h3 Be4 28. Rd2 Rh5 29. Bd1 Rh8 30. Bb3 Ra8 31. a4 (31. g4 $11) 31... a5 $15 {[%emt 0:02:08] Black is slightly better.} 32. b5 Rd8 33. Rcd1 Kf8 34. Bxe6 Rxe6 35. Rc1 Re7 36. Rd4 Rdd7 37. Rdc4 Ke8 38. Bd4 Bd5 39. R4c3 Rf7 40. h4 Kd8 41. g3 Bb7 42. Kg1 Rfe7 43. Kf2 Re8 44. Kg1 Be4 45. Kf2 Bd5 46. Kg1 Rde7 47. Kf2 Bb7 {[%emt 0:00:37] Weighted Error Value: White=0.07 (flawless) /Black=0.06 (flawless)   Mistake:       	White=2     	---        Inaccurate:     	White=2     	Black=3      OK:         	White=14    	Black=15     Best:        	White=1     	Black=2} 1/2-1/2

[Event "Budapest One Week GM-B 03-2025"]
[Site "Budapest"]
[Date "2025.03.17"]
[Round "1.3"]
[White "Sklokin, Sergey"]
[Black "Tanenbaum, Zachary"]
[Result "0-1"]
[Annotator "TA"]
[ECO "C55"]
[WhiteElo "2338"]
[BlackElo "2306"]
[PlyCount "84"]
[EventDate "2025.03.17"]
[EventType "tourn"]
[EventCountry "HUN"]
[SourceTitle "playchess.com"]
[Source "ChessBase"]
[SourceQuality "1"]
[TimeControl "5400+30"]

1. e4 e5 2. Nf3 Nc6 3. Bc4 Nf6 4. d3 Be7 5. O-O O-O 6. c3 d6 7. a4 {[%emt 0:01:46] C55: Two Knights: 4 d3, 4 d4 exd4 5 e5 and Max Lange Attack.} Be6 8. Bxe6 fxe6 9. Nbd2 {[%emt 0:01:14] White is slightly better.} a5 10. Re1 h6 11. Nf1 Qd7 12. Ng3 Rad8 13. d4 exd4 14. Nxd4 Rf7 $146 (14... Rde8 15. Be3 Bd8 16. f3 b6 17. Qb3 Kh8 18. Rad1 Nxd4 19. Bxd4 Qf7 20. e5 Nd5 {0-1 Poulsen,M (2289)-Porras Mateo,F (2350) EU Small Countries ol 8th 2023 (4.2)}) 15. Qb3 Nxd4 16. cxd4 b6 17. f3 d5 18. e5 Bb4 19. Rd1 Nh7 20. Qc2 c5 21. Be3 Rc8 22. Qg6 Nf8 23. Qg4 Kh7 24. dxc5 ({White should play} 24. f4 $15) 24... bxc5 25. Ne4 c4 26. Qh3 Rf5 ({Better is} 26... Be7 $17 {Strongly threatening ...Ng6.} 27. f4 Rb8 28. Ng5+ Bxg5 29. fxg5 Rb3 (29... Rxb2 30. gxh6 g5 31. Bd4 $17) 30. gxh6 g5) 27. Bxh6 Kg8 {[%emt 0:03:11] Black keeps a firm grip on the game.} 28. Be3 {[%emt 0:01:35] Against Qa7} Rxe5 29. Bd4 Rf5 30. Ng3 Rf4 $36 {[%emt 0:02:27][%cal Of4d4][%mdl 2048] Black has strong initiative.} 31. Be5 {[%emt 0:00:20] [#]} (31. Ne2 $142 Rf7 32. Bf2) 31... Ng6 $1 $17 32. Bxf4 Nxf4 33. Qg4 Nd3 {[%emt 0:00:25][%mdl 1024] ( -> ...Qa7+) Black has strong compensation.} 34. h3 Bc5+ $1 (34... Nxb2 35. Nh5 Rf8 36. Nxg7 (36. Rxd5 $2 Qa7+ 37. Rd4 e5 $19) 36... Bc5+ (36... Qxg7 37. Qxe6+ Qf7 38. Qg4+ Kh7 39. Qh4+ Kg7 40. Qd4+ Qf6 41. Qg4+ Qg6 42. Qd4+ Qf6 43. Qg4+ Qg6 44. Qd4+ Qf6 $11) 37. Kh2 Qxg7 38. Qxe6+ Qf7 39. Qxd5 (39. Qxf7+ Kxf7 40. Rxd5 Bb4 $17) 39... Qxd5 (39... Nxd1 40. Qg5+ Kh7 41. Qxc5 $17) 40. Rxd5) 35. Kf1 {[%emt 0:00:20][%csl Od3] Strong Square Black (d3)} Qf7 (35... Nxb2 36. Nh5 Nxd1 37. Rxd1 $11 (37. Nf6+ $2 Kf7 $19)) 36. Rd2 $2 (36. b3 $2 Ne5 (36... Nf2 37. Qg5 $19) 37. Qh5 Qf4 $19 (37... Qxh5 38. Nxh5 cxb3 39. Rab1 $19)) (36. Re1 Nxe1 (36... Nxb2 $2 37. Rxe6 Nd3 38. Nf5 $18) 37. Rxe1) 36... Ne5 $1 $19 37. Qg5 {[%emt 0:02:51] [#]} Nxf3 $1 38. gxf3 Qxf3+ 39. Ke1 Rf8 {[%emt 0:01:01] ( -> ...Bd6)} 40. Qg4 Bf2+ $2 (40... Qe3+ 41. Kd1 Rf4) 41. Kf1 {[%emt 0:00:37] [#] and Qxf3 would now be decisive} Qe3 ({Less strong is} 41... Bxg3+ 42. Qxf3 Rxf3+ 43. Kg2 $15) (41... Qxg3 42. Qxg3 Bxg3+ 43. Kg2 $15) 42. Nh5 (42. Nf5 $19 Rxf5 (42... Qxd2 43. Qxg7#) (42... exf5 43. Qe2 $16) 43. Re2) 42... Bg3+ {[%emt 0:00:14] Weighted Error Value: White=0.51/Black=0.21 (precise)   Mistake:       	White=5     	Black=1      Inaccurate:     	White=3     	Black=2      OK:         	White=10    	Black=16     Best:        	---       	Black=1      Strong:       	---       	Black=1} ({Inferior is} 42... Qxd2 43. Qxg7#) 0-1

[Event "Budapest One Week GM-B 03-2025"]
[Site "Budapest"]
[Date "2025.03.17"]
[Round "1.4"]
[White "Plat, Vojtech"]
[Black "Yeganegi, Barad"]
[Result "1/2-1/2"]
[Annotator "TA"]
[ECO "D04"]
[WhiteElo "2465"]
[BlackElo "2347"]
[PlyCount "117"]
[EventDate "2025.03.17"]
[EventType "tourn"]
[EventCountry "HUN"]
[SourceTitle "playchess.com"]
[Source "ChessBase"]
[SourceQuality "1"]
[TimeControl "5400+30"]

1. d4 Nf6 2. Nf3 d5 3. e3 c5 4. Bb5+ Bd7 5. a4 g6 6. dxc5 $146 {[%emt 0:02:18] D04: Colle System.} (6. O-O Qc7 7. c4 dxc4 8. d5 Bxb5 9. axb5 Nbd7 10. Nc3 Bg7 11. e4 O-O 12. Re1 {0-1 Masague Artero,G (2324)-Zemlyanskii,I (2492) Titled Tuesday intern op 19th Dec Early blitz 2023 (4)}) 6... a6 7. Be2 Qa5+ 8. Nc3 (8. Nbd2 $11) 8... Qxc5 $15 9. O-O Bg7 10. Ne5 O-O 11. Bf3 e6 (11... Rd8 $15) 12. e4 $11 dxe4 13. Nxd7 Nbxd7 14. Nxe4 Nxe4 15. Bxe4 Qc7 (15... Rab8 $5) 16. Qe2 Nc5 17. Bf3 Rac8 18. a5 Nd7 19. c3 Ne5 20. Bf4 Nxf3+ 21. Qxf3 Qe7 22. Be3 Rfd8 23. g3 Rd5 24. Bb6 Rc6 25. Qe4 Qd7 26. Be3 Rcd6 27. c4 Rd3 28. Bc5 Qc6 29. Qxc6 Rxc6 30. Ba3 (30. Bb6 $142) 30... Bf8 (30... Rxc4 $142 {and ...Rb3 should not be overlooked} 31. Rfd1 Rdd4) 31. Bxf8 $17 Kxf8 {[%emt 0:00:07][%mdl 4096] Endgame KRR-KRR} 32. Ra4 Rb3 {[%emt 0:01:20] Inhibits Rb4.} 33. Rb1 Rd6 34. c5 Rd2 35. Rc4 Rf3 ({Reject} 35... Rbxb2 $6 36. Rxb2 Rxb2 37. c6 bxc6 38. Rxc6 $11) 36. Rf1 Rxb2 37. c6 bxc6 38. Rxc6 Ra2 39. Rxa6 Rfa3 40. h4 Rxa5 41. Rxa5 Rxa5 $15 {[%emt 0:00:04] KR-KR. Black is a pawn up.} 42. Rb1 Ra7 43. Kg2 Kg7 44. Rb6 Kf6 45. Rb5 h5 46. Rb6 Kf5 47. Rb4 e5 48. Rb6 f6 49. Rc6 Ra2 50. Rc5 g5 51. hxg5 fxg5 (51... Kxg5 $15 {deserves consideration.} 52. Rc8 Kg6) 52. Rb5 {[%emt 0:01:04] The position is equal.} Ra3 53. Rb4 Ra2 54. Rb5 Ra4 55. Rb8 e4 56. Rb5+ Kg4 57. Re5 Rb4 58. Re8 h4 59. Rxe4+ {[%emt 0:00:13] Weighted Error Value: White=0.10 (very precise) /Black=0.10 (very precise)   Mistake:       	White=2     	Black=3      Inaccurate:     	White=4     	Black=2      OK:         	White=19    	Black=16     Best:        	White=4     	Black=1} 1/2-1/2

[Event "Budapest One Week GM-B 03-2025"]
[Site "Budapest"]
[Date "2025.03.17"]
[Round "1.5"]
[White "Pap, Misa"]
[Black "Kraus, Tomas"]
[Result "1/2-1/2"]
[Annotator "TA"]
[ECO "B07"]
[WhiteElo "2457"]
[BlackElo "2447"]
[PlyCount "35"]
[EventDate "2025.03.17"]
[EventType "tourn"]
[EventCountry "HUN"]
[SourceTitle "playchess.com"]
[Source "ChessBase"]
[SourceQuality "1"]
[TimeControl "5400+30"]

1. e4 d6 2. d4 Nf6 3. Nc3 e5 4. dxe5 dxe5 5. Qxd8+ Kxd8 6. Bc4 Bb4 {[%emt 0:01:12] 6...Bb4 is the modern continuation.} 7. Bd2 Ke7 {[%emt 0:00:44] B07: Pirc Defence: Miscellaneous Systems.} 8. Nge2 c6 9. f3 Be6 10. Bb3 Nbd7 11. O-O-O {[%emt 0:00:37] White took control after the opening.   Weighted Error Value: White=0.11 (very precise) /Black=0.05 (flawless)   Inaccurate:     	White=1     	---        OK:         	White=1     	Black=2} Nc5 $146 12. Na4 Bxd2+ 13. Rxd2 Nxa4 14. Bxa4 Bxa2 15. b3 b5 16. Kb2 bxa4 17. Kxa2 axb3+ 18. cxb3 {0-1 Wittmann,K (2040)-Scheremet,M (2175) Mittelfranken-chTB1 1415 2014 (8.1)} 1/2-1/2

[Event "Budapest One Week GM-B 03-2025"]
[Site "Budapest"]
[Date "2025.03.18"]
[Round "2.1"]
[White "Md Imran"]
[Black "Kraus, Tomas"]
[Result "1/2-1/2"]
[Annotator "RC"]
[ECO "D02"]
[WhiteElo "2421"]
[BlackElo "2447"]
[PlyCount "21"]
[EventDate "2025.03.17"]
[EventType "tourn"]
[EventCountry "HUN"]
[SourceTitle "playchess.com"]
[Source "ChessBase"]
[SourceQuality "1"]
[TimeControl "5400+30"]

1. d4 d5 2. Nf3 Nf6 3. c4 e6 4. g3 Bb4+ 5. Nbd2 O-O 6. Bg2 b6 7. a3 Be7 8. O-O Bb7 9. cxd5 exd5 10. Ne5 c5 11. Nb1 1/2-1/2

[Event "Budapest One Week GM-B 03-2025"]
[Site "Budapest"]
[Date "2025.03.18"]
[Round "2.2"]
[White "Yeganegi, Barad"]
[Black "Pap, Misa"]
[Result "1/2-1/2"]
[Annotator "RC"]
[ECO "A62"]
[WhiteElo "2347"]
[BlackElo "2457"]
[PlyCount "86"]
[EventDate "2025.03.17"]
[EventType "tourn"]
[EventCountry "HUN"]
[SourceTitle "playchess.com"]
[Source "ChessBase"]
[SourceQuality "1"]
[TimeControl "5400+30"]

1. d4 Nf6 2. c4 e6 3. g3 c5 4. d5 exd5 5. cxd5 d6 6. Nc3 g6 7. Bg2 Bg7 8. Nf3 O-O 9. O-O Na6 10. h3 Re8 11. Re1 Nc7 12. e4 Nd7 13. Bf4 Ne5 14. Nxe5 Bxe5 15. Bxe5 dxe5 16. d6 Ne6 17. Nd5 Kg7 18. f4 Rf8 19. f5 Nd4 20. f6+ Kh8 21. Qc1 Qxd6 22. Qh6 Rg8 23. Rf1 Be6 24. Ne7 g5 25. Kh2 Rae8 26. Nxg8 Rxg8 27. Rad1 Bxa2 28. Ra1 Rg6 29. Qh5 Bc4 30. Rxa7 h6 31. Qxg6 fxg6 32. Ra8+ Kh7 33. f7 Ne6 34. Rf6 Qe7 35. Rxe6 Qxf7 36. Rxe5 Be6 37. Rxc5 h5 38. Rxg5 Qf2 39. Rb5 b6 40. Ra1 Bc4 41. Rb4 b5 42. b3 Be2 43. e5 Qc5 1/2-1/2

[Event "Budapest One Week GM-B 03-2025"]
[Site "Budapest"]
[Date "2025.03.18"]
[Round "2.4"]
[White "Moldagali, Beksultan"]
[Black "Sklokin, Sergey"]
[Result "1/2-1/2"]
[Annotator "RC"]
[ECO "B15"]
[WhiteElo "2398"]
[BlackElo "2338"]
[PlyCount "101"]
[EventDate "2025.03.17"]
[EventType "tourn"]
[EventCountry "HUN"]
[SourceTitle "playchess.com"]
[Source "ChessBase"]
[SourceQuality "1"]
[TimeControl "5400+30"]

1. e4 c6 2. Nc3 d5 3. d4 dxe4 4. Nxe4 Nf6 5. Nxf6+ exf6 6. Bd3 Qxd4 7. Nf3 Qd8 8. O-O Be6 9. Re1 Bc5 10. Qe2 O-O 11. b4 Bd6 12. Bb2 Re8 13. Rad1 Na6 14. Bxa6 bxa6 15. Qxa6 Qc7 16. a3 Bd5 17. h3 Bxf3 18. gxf3 Be5 19. Bc1 h6 20. Qc4 f5 21. Re2 Bf6 22. Bf4 Qb7 23. Kg2 g5 24. Bd6 Qb5 25. Rxe8+ Rxe8 26. Qd3 Qxd3 27. Rxd3 Re2 28. Bc5 Rxc2 29. Bxa7 Ra2 30. Bc5 Kg7 31. Rd6 Rxa3 32. Rxc6 Rb3 33. Rb6 h5 34. Rb7 g4 35. fxg4 fxg4 36. hxg4 hxg4 37. b5 Be5 38. b6 Kf6 39. Ra7 Ke6 40. Ra4 f5 41. Be3 Rb1 42. Rc4 Kd5 43. Rc5+ Kd6 44. Rc4 Kd5 45. Ra4 Kd6 46. Rc4 Ke6 47. Rc6+ Kd5 48. Rc5+ Kd6 49. Rc4 Kd5 50. Rc5+ Kd6 51. Rc4 1/2-1/2

[Event "Budapest One Week GM-B 03-2025"]
[Site "Budapest"]
[Date "2025.03.18"]
[Round "2.5"]
[White "Dudognon, Thibault"]
[Black "Nemeth, Zalan"]
[Result "1/2-1/2"]
[Annotator "RC"]
[ECO "B90"]
[WhiteElo "2429"]
[BlackElo "2341"]
[PlyCount "89"]
[EventDate "2025.03.17"]
[EventType "tourn"]
[EventCountry "HUN"]
[SourceTitle "playchess.com"]
[Source "ChessBase"]
[SourceQuality "1"]
[TimeControl "5400+30"]

1. e4 c5 2. Nf3 d6 3. d4 cxd4 4. Nxd4 Nf6 5. Nc3 a6 6. Bc4 Nbd7 7. Be3 Qc7 8. Bb3 Nc5 9. f3 e6 10. Qe2 Be7 11. a3 O-O 12. Ba2 b5 13. g4 Rb8 14. g5 Nh5 15. f4 g6 16. f5 b4 17. axb4 Rxb4 18. O-O-O Na4 19. fxe6 Nxc3 20. exf7+ Kh8 21. bxc3 Qxc3 22. Nb3 Be6 23. Qd2 Qxd2+ 24. Bxd2 Rxe4 25. Rhe1 d5 26. Nd4 Bxf7 27. Nc6 Ba3+ 28. Kb1 Kg8 29. Rf1 Be6 30. Rxf8+ Kxf8 31. Bc3 Nf4 32. Bf6 Bg4 33. Rg1 Bf5 34. Bb3 Bc5 35. Rd1 Be6 36. Be5 Ke8 37. Bxf4 Rxf4 38. Bxd5 Bxd5 39. Rxd5 Rf5 40. Rd8+ Kf7 41. h4 Rf4 42. Rd7+ Kg8 43. Rd8+ Kf7 44. Rd7+ Kg8 45. Rd8+ 1/2-1/2